 Dungeon Crawl Stone Soup version 0.19.5 (webtiles) character file.

373 Gargoyl the Skirmisher (level 6, -1/52 HPs)
             Began as a Ghoul Abyssal Knight on May 12, 2017.
             Was a Priest of Lugonu.
             Slain by Hattricker's ghost (5 damage)
             ... in a sewer.
             The game lasted 00:08:41 (3437 turns).

Gargoyl the Skirmisher (Ghoul Abyssal Knight)       Turns: 3437, Time: 00:08:42

Health: -1/52      AC:  6    Str: 16    XL:     6   Next: 71%
Magic:  5/7        EV:  5    Int:  7    God:    Lugonu [***...]
Gold:   180        SH: 13    Dex: 10    Spells: 0 memorised, 5 levels left

rFire  . . .     SeeInvis .     a - +1 hand axe
rCold  + + .     Gourm    .     d - +0 scale mail
rNeg   + + +     Faith    .     b - +1 large shield
rPois  ∞         Spirit   .     (no helmet)
rElec  .         Reflect  .     (no cloak)
rCorr  .         Harm     .     (no gloves)
MR     .....                    (no boots)
Stlth  ..........               (no amulet)
                                (no ring)
                                e - ring of protection from cold

@: mesmerised, rotting
A: rotting body, claws 1, carnivore 3, cold resistance 1, negative energy
resistance 3, slow regeneration 1, torment resistance, unbreathing
a: Depart the Abyss, Bend Space, Banish, Renounce Religion


You were in a sewer.
You worshipped Lugonu.
Lugonu was most pleased with you.
You were not hungry.

You visited 1 branch of the dungeon, and saw 4 of its levels.
You visited the Abyss 1 time.
You also visited: Sewer.

You collected 180 gold pieces.

Inventory:

Hand Weapons
 a - a +1 hand axe (weapon)
Armour
 b - a +1 large shield (worn)
 d - a +0 scale mail (worn)
Jewellery
 e - a ring of protection from cold (left claw)
Wands
 o - a wand of slowing (13/48)
Scrolls
 g - 5 scrolls of identify
 p - a scroll of remove curse
 r - 2 scrolls of teleportation
Potions
 h - 4 potions of flight
 i - a potion of might {unknown}
 j - a potion of degeneration {unknown}
 k - a potion of agility
 l - a potion of curing
 m - 2 potions of heal wounds {unknown}
 n - a potion of lignification {unknown}
Comestibles
 c - a meat ration
 f - 9 chunks of flesh
 q - a beef jerky


   Skills:
 + Level 4.0 Fighting
 + Level 3.5 Axes
 * Level 3.5 Armour
 + Level 1.3 Dodging
 * Level 2.0 Shields
 * Level 3.5 Invocations


You had 5 spell levels left.
You didn't know any spells.

Dungeon Overview and Level Annotations

Branches:
Dungeon (4/15)
 Temple: D:4-7

Altars:
Fedhas
Gozag
Nemelex Xobeh
Qazlal
Vehumet

Annotations:
Sewer Hattricker's ghost, amateur DrAK


Innate Abilities, Weirdness & Mutations

Your body is rotting away.
You thrive on raw meat.
You are immune to poison.
You have sharp fingernails.
You are carnivorous and can eat meat at any time.
Your flesh is cold resistant. (rC+)
You are immune to negative energy. (rN+++)
You regenerate slowly when monsters are visible.
You are immune to unholy pain and torment.
You can survive without breathing.


Message History

Hattricker's ghost hits you. Hattricker's ghost hits you!
The malarious merfolk avatar chants its luring song.
Unknown command.
The malarious merfolk avatar chants its luring song.
You hit the malarious merfolk avatar.
The malarious merfolk avatar is heavily wounded.
You hit Hattricker's ghost but do no damage.
The malarious merfolk avatar chants its luring song.
Hattricker's ghost hits you!
* * * LOW HITPOINT WARNING * * *
The malarious merfolk avatar chants its luring song.
You hit the malarious merfolk avatar.
The malarious merfolk avatar is severely wounded.
You hit Hattricker's ghost but do no damage.
Hattricker's ghost hits you.
* * * LOW HITPOINT WARNING * * *
You block Hattricker's ghost's attack.
The malarious merfolk avatar chants its luring song.
Hattricker's ghost hits you.
You die...

#### #.≈≈≈≈≈≈≈ #..#
#.≈≈≈≈≈≈≈≈ #..#
#.≈≈≈≈≈≈≈≈ ###
#%.###≈≈≈≈≈≈≈≈≈
≈≈########..#≈≈≈≈≈≈≈≈≈≈≈
≈#≈≈≈≈≈≈≈≈†≈≈†≈≈≈≈≈≈≈≈≈≈
≈#########..#≈≈≈≈≈≈≈≈≈≈≈
....≈≈# #..###W≈≈≈≈≈≈≈≈
####≈≈# ##.## #≈@≈≈≈≈≈≈≈
#..###..# ##≈m≈≈≈≈≈≈
##..÷..## ≈≈≈≈≈≈≈≈≈
####### ≈≈≈≈≈≈≈≈≈≈
≈≈≈≈≈≈≈≈≈≈≈ ≈≈≈≈≈≈≈≈≈≈≈≈
≈≈≈≈≈≈≈≈≈≈≈≈≈
##############


You could see a malarious merfolk avatar and Hattricker's ghost.

Vanquished Creatures
  A howler monkey (D:4)
  2 hounds (D:4)
  A siren (Sewer)
  3 worker ants (D:4)
  8 adders
  A worm (D:4)
  A dart slug (D:1)
  4 leopard geckos
  3 orcs
  5 giant cockroaches
  4 goblins
  5 hobgoblins
  8 jackals
  6 kobolds
  2 quokkas
  10 ball pythons
  7 bats
  10 frilled lizards
  28 rats
109 creatures vanquished.

Notes
Turn   | Place    | Note
-------+----------+-------------------------------------------
     0 | Abyss:1  | Gargoyl the Ghoul Abyssal Knight began the quest for the Orb.
     0 | Abyss:1  | Reached XP level 1. HP: 19/19 MP: 1/1
    35 | Abyss:3  | Noticed a satyr
    36 | Abyss:3  | Noticed a guardian serpent
    38 | D:1      | Escaped the Abyss
   327 | D:1      | Reached XP level 2. HP: 24/26 MP: 2/2
   421 | D:1      | Reached * piety under Lugonu
  1104 | D:2      | Reached XP level 3. HP: 33/33 MP: 3/3
  1224 | D:2      | Reached skill level 1 in Dodging
  1269 | D:2      | Reached skill level 1 in Shields
  1278 | D:2      | Reached XP level 4. HP: 17/40 MP: 4/4
  1387 | D:2      | Found a blossoming altar of Fedhas.
  1444 | D:2      | Found a stormy altar of Qazlal.
  1566 | D:2      | Found an opulent altar of Gozag.
  1566 | D:2      | Found a sparkling altar of Nemelex Xobeh.
  2028 | D:3      | Reached ** piety under Lugonu
  2405 | D:4      | Reached XP level 5. HP: 22/46 MP: 6/6
  2635 | D:4      | Reached skill level 4 in Fighting
  2794 | D:4      | Reached XP level 6. HP: 39/52 MP: 7/7
  2920 | D:4      | Found a radiant altar of Vehumet.
  3022 | D:4      | Found a glowing drain.
  3047 | Sewer    | Entered a sewer
  3303 | Sewer    | Reached *** piety under Lugonu
  3392 | Sewer    | Noticed Hattricker's ghost (amateur DrAK)
  3437 | Sewer    | Slain by Hattricker's ghost

Skill      XL: |  1  2  3  4  5  6 |
---------------+-------------------+-----
Axes           | 2 3 |  3.5
Dodging        | 1 |  1.3
Shields        | 1 2 |  2.0
Armour         | 2 3 |  3.5
Fighting       | 4 |  4.0
Invocations    | 3 |  3.5

Action                   |  1- 3 |  4- 6 || total
-------------------------+-------+-------++-------
Melee: Hand axe          |   122 |   308 ||   430
Invok: Depart the Abyss  |     1 |       ||     1
       Bend Space        |       |     2 ||     2
       Banish            |       |     1 ||     1
  Use: Scroll            |     2 |     5 ||     7
       Potion            |       |     3 ||     3
  Eat: Chunk             |    13 |    43 ||    56
Armor: Scale mail        |    71 |   153 ||   224
Dodge: Dodged            |    25 |    63 ||    88
Block: Large shield      |    82 |   247 ||   329
